 Dungeon Crawl Stone Soup version 0.31-a0-426-g3a05650e59 (webtiles) character file.

Game seed: 9683187914678360145

69 shadowstone the Conjurer (level 4, -4/28 HPs)
             Began as a Gargoyle Reaver on July 30, 2023.
             Was an Initiate of Gozag.
             Slain by a goblin
             ... wielding a +0 dagger
             ... led by Robin
              (5 damage)
             ... on level 3 of the Dungeon.
             The game lasted 00:06:27 (1770 turns).

shadowstone the Conjurer (Gargoyle Reaver)          Turns: 1770, Time: 00:06:29

Health: -4/28      AC: 14    Str: 16    XL:     4   Next: 20%
Magic:  4/7        EV:  7    Int: 15    God:    Gozag
Gold:   159        SH:  0    Dex:  8    Spells: 3/7 levels left

rFire   . . .        a - +0 falchion
rCold   . . .        (no shield)
rNeg    + . .        g - +0 chain mail
rPois   ∞            j - +2 hat
rElec   +            (no cloak)
rCorr   .            (no gloves)
SInv    .            (no boots)
Will    .....        d - amulet of regeneration Stlth
                     (no ring)
HPRegen 1.04/turn    (no ring)
MPRegen 0.10/turn

%: no passive effects
@: gold aura, very slightly contaminated
A: sickness immunity, AC +3, negative energy resistance 1, electricity
resistance, torment resistance 1, petrification resistance
a: Renounce Religion, Potion Petition, Call Merchant, Bribe Branch


You were on level 3 of the Dungeon.
You worshipped Gozag.
Gozag was aware of your devotion.
You visited 1 branch of the dungeon, and saw 3 of its levels.

You collected 159 gold pieces.

Inventory:

Hand Weapons
 a - a +0 falchion (weapon)
Armour
 b - a +0 leather armour
 g - a +0 chain mail (worn)
 j - a +2 hat (worn)
Jewellery
 d - an amulet of regeneration (around neck)
Scrolls
 c - a scroll of acquirement {unknown}
 e - 8 scrolls of identify {unknown}
 f - 2 scrolls of poison {unknown}
 k - a scroll of enchant weapon {unknown}
Potions
 h - a potion of lignification {unknown}
 i - 2 potions of cancellation {unknown}
 l - a potion of haste {unknown}


   Skills:
 + Level 3.0 Fighting
 + Level 3.3 Long Blades
 + Level 1.3 Armour
 + Level 2.1 Dodging
 + Level 2.0 Spellcasting
 + Level 3.5 Conjurations


You had 3 spell levels left.
You knew the following spells:

 Your Spells              Type           Power      Damage    Failure   Level
a - Kiss of Death         Conj/Necr      24%        2d7       82%         1
b - Hailstorm             Conj/Ice       6%         3d4       99%         3

Your spell library contained the following spells:

 Spells                   Type           Power      Damage    Failure   Level
 Momentum Strike          Conj/Tloc      12%        3d8       91%         2
 Freeze                   Ice            4%         1d3       96%         1
 Frozen Ramparts          Ice            2%         1d1       100%        3
 Manifold Assault         Tloc           1%         N/A       100%        4
 Dispersal                Tloc           0%         N/A       100%        6
 Disjunction              Tloc           0%         N/A       100%        8


Dungeon Overview and Level Annotations

Branches:
Dungeon (3/15)

Altars:
Gozag

Annotations:
D:3 Robin


Innate Abilities, Weirdness & Mutations

You are immune to sickness and miasma.
Your stone body is resilient. (AC +3)
You are immune to poison.
You resist negative energy. (rN+)
You are resistant to electric shocks. (rElec)
You are resistant to unholy torment.
You are immune to petrification.


Message History

The goblin hits you but does no damage.
A goblin comes into view. It is wielding a +0 club.
The goblin closely misses you. The hobgoblin barely misses you.
The goblin hits you but does no damage. The goblin closely misses you.
The goblin hits you with a +0 dagger.
Casting: Hailstorm (astonishingly dangerous; 99% risk of failure)
Confirm with . or Enter, or press ? or * to list all spells.
The spell is astonishingly dangerous to miscast (99% risk of failure)!
Continue anyway? [Y]es or [N]o only, please.
The spell is astonishingly dangerous to miscast (99% risk of failure)!
Continue anyway?
Okay, then.
Casting: Hailstorm (astonishingly dangerous; 99% risk of failure)
Confirm with . or Enter, or press ? or * to list all spells.
The spell is astonishingly dangerous to miscast (99% risk of failure)!
Continue anyway?
Casting: Hailstorm (astonishingly dangerous; 99% risk of failure)
Press: ? - help, Dir - look around, f - activate You miscast Hailstorm.
You are very lightly contaminated with residual magic.
Your hands feel numb with cold!
* * * LOW HITPOINT WARNING * * *
The goblin closely misses you. The goblin hits you but does no damage.
The hobgoblin hits you but does no damage.
The goblin hits you but does no damage. x2
A goblin comes into view. It is wielding a +0 club.
The goblin completely misses you. Robin throws the goblin at you!
* * * LOW HITPOINT WARNING * * *
The hobgoblin hits you but does no damage.
You hit the hobgoblin.
You kill the hobgoblin!
The hobgoblin barely misses you.
The goblin hits you but does no damage. x3
The goblin barely misses you.
The goblin hits you but does no damage. x2
You closely miss Robin.
The hobgoblin is distracted by your dazzling golden aura.
The goblin hits you but does no damage. The goblin hits you with a +0 club.
* * * LOW HITPOINT WARNING * * *
The goblin hits you with a +0 club.
* * * LOW HITPOINT WARNING * * *
The goblin hits you but does no damage. The goblin hits you with a +0 dagger.
You die...
Your body crumbles into a pile of gold.

?...........
................#
###...............#
.................#
#........... ...# $
#...?...... ..# $ $ $
$ $ #.ggg..##.# ..# ##
$ #.g@g..##<#####.# #.
##ggg......#....# #.
#.........).#..###.
.g.g.)........###.....
gg..#.........##
##..#.
g....#........## +#...
..## #.......## ##.. .
#.....#..# +#...
#.........# ##..#.


You could see Robin, 2 hobgoblins and 6 goblins.

Vanquished Creatures
  An adder (D:3)
  3 dart slugs
  An orc (D:3)
  6 endoplasms
  2 giant cockroaches (D:2)
  6 goblins
  3 hobgoblins
  4 jackals (D:2)
  4 quokkas
  3 ball pythons
  4 bats
  2 frilled lizards (D:3)
  7 kobolds (D:1)
46 creatures vanquished.

Notes
Turn   | Place    | Note
-------+----------+-------------------------------------------
     0 | D:1      | shadowstone the Gargoyle Reaver began the quest for the
                  | Orb.
     0 | D:1      | Reached XP level 1. HP: 12/12 MP: 3/3
   308 | D:1      | Reached XP level 2. HP: 18/18 MP: 5/5
   550 | D:1      | Reached XP level 3. HP: 22/22 MP: 6/6
   554 | D:1      | Learned a level 3 spell: Hailstorm
   713 | D:1      | Reached skill level 1 in Armour
   751 | D:1      | Found a faded altar of an unknown god.
   800 | D:1      | Prayed at the altar of an unknown god.
   800 | D:1      | Became a worshipper of Gozag Ym Sagoz the Greedy
  1735 | D:3      | Reached XP level 4. HP: 27/27 MP: 7/7
  1758 | D:3      | Noticed Robin
  1770 | D:3      | HP: 1/28 [goblin/+0 club[Robin] (5)]
  1770 | D:3      | Slain by a goblin

Illustrated notes

Levels and vault maps discovered:
D:1:      heliophobic_arrival_henge, layout_loops_corners,
          ebering_ecumenical_altar_petrified, reono_crystal_passage,
          minmay_bisected
D:2:      layout_rooms, minmay_statues_item
D:3:      layout_basic, nemelex_diamond_rough_becter,
          nicolae_dithmenos_through_a_glass_darkly, grunt_gozag_breadcrumbs,
          mainiacjoe_overflow_small_starburst, nicolae_overflow_two_pavilions,
          gup_sewer_entry_bowl, grunt_ministairs_2, uniq_robin

Skill      XL: |  1  2  3  4 |
---------------+-------------+-----
Long Blades    | 3 |  3.3
Armour         | 1 |  1.3
Dodging        | 2 |  2.1
Fighting       | 3 |  3.0
Spellcasting   | |  2.0
Conjurations   | |  3.5

Action                     |  1- 3 |  4- 6 || total
---------------------------+-------+-------++-------
  Melee: Falchion          |   184 |    19 ||   203
         Punch             |     1 |       ||     1
 Armour: Leather armour    |    38 |       ||    38
         Chain mail        |   139 |    31 ||   170
  Dodge: Dodged            |   137 |    24 ||   161

Table legend: (Time is in decaauts)
 A = Elapsed time spent in this place.
 B = Non-inter-level travel time spent in this place.
 C = Inter-level travel time spent in this place.
 D = Time resting spent in this place.
 E = Time spent auto-exploring this place.
 F = Levels seen in this place.
 G = Mean time per level.
                   A        B        C        D        E       F      G
               +--------+--------+--------+--------+--------+-----+--------+
         Total |   1801 |   1789 |     12 |     79 |    634 |   3 |  600.3 |
       Dungeon |   1801 |   1789 |     12 |     79 |    634 |   3 |  600.3 |
               +--------+--------+--------+--------+--------+-----+--------+

Top non-repeatable levels by time:
     D:1: 1114 daAuts
     D:2: 598 daAuts
     D:3: 88 daAuts
